 Dungeon Crawl Stone Soup version 0.32-a0-136-gc02482bde3 (webtiles) character file.

Game seed: 3807764292371488512

296 SmokeWeed the Magician (level 6, -1/32 HPs)
             Began as a Deep Elf Fire Elementalist on Feb 11, 2024.
             Slain by a gnoll
             ... wielding a +0 halberd
              (10 damage)
             ... on level 4 of the Dungeon.
             The game lasted 00:09:30 (4116 turns).

SmokeWeed the Magician (Deep Elf Fire Elementalist) Turns: 4116, Time: 00:09:30

Health: -1/32      AC:  6    Str:  5    XL:     6   Next: 12%
Magic:  14/16      EV: 14    Int: 26    God:
Gold:   137        SH:  0    Dex: 23    Spells: 13/16 levels left

rFire   + . .        a - +2 dagger (venom)
rCold   + . .        (no shield)
rNeg    . . .        q - +0 robe {rC+ rF+}
rPois   .            (no helmet)
rElec   .            e - +2 cloak
rCorr   .            d - +0 pair of gloves
SInv    .            (no boots)
Will    .....        g - amulet of faith
Stlth   +++          n - +6 ring of intelligence
HPRegen 0.25/turn    p - +6 ring of dexterity
MPRegen 0.15/turn

%: faith
@: no status effects
A: no striking features
a: no special abilities


You were on level 4 of the Dungeon.
You visited 1 branch of the dungeon, and saw 4 of its levels.

You collected 137 gold pieces.

Inventory:

Hand Weapons
 a - a +2 dagger of venom (weapon)
 c - a +1 dagger
Armour
 d - a +0 pair of gloves (worn)
 e - a +2 cloak (worn)
 q - a +0 robe of resistance (worn)
Magical Staves
 m - a staff of air
Jewellery
 g - an amulet of faith (around neck)
 n - a +6 ring of intelligence (left hand)
 p - a +6 ring of dexterity (right hand)
Wands
 l - a wand of flame (5)
Scrolls
 k - a scroll of noise
 o - a scroll of teleportation
 r - a scroll of vulnerability
Potions
 b - a potion of magic
 f - a potion of curing
 h - a potion of brilliance
 i - 2 potions of haste {unknown}
 j - a potion of heal wounds


   Skills:
 + Level 0.1 Fighting
 + Level 0.4 Short Blades
 + Level 2.9 Dodging
 + Level 3.0 Stealth
 + Level 5.9 Spellcasting
 + Level 2.5 Conjurations
 + Level 5.0 Fire Magic
 + Level 0.8 Evocations


You had 13 spell levels left.
You knew the following spells:

 Your Spells              Type           Power      Damage    Failure   Level
a - Foxfire               Conj/Fire      100%       2x1d9     1%          1
b - Scorch                Fire           66%        2d7       1%          2

Your spell library contained the following spells:

 Spells                   Type           Power      Damage    Failure   Level
 Inner Flame              Hex/Fire       20%        N/A       8%          3
 Volatile Blastmotes      Fire/Tloc      40%        2d13      8%          3
 Flame Wave               Conj/Fire      27%        2d9       14%         4


Dungeon Overview and Level Annotations

Branches:
Dungeon (4/15)
 Temple: D:4-7

Altars:
Makhleb
Vehumet

Annotations:
D:4 exclusion: statue


Message History

o - a scroll of teleportation
Found a stone staircase leading down.
There is an open door here.
i - 2 glowing blue potions (gained 1)
There is an open door here.
There is a stone staircase leading down here.
Found a stone staircase leading down.
A gnoll comes into view.
It is wielding a +0 halberd and quivering poisoned darts.
You conjure some foxfire!
The gnoll shouts! x2
You conjure some foxfire!
The foxfire hits the gnoll.
The gnoll is lightly wounded.
The gnoll throws a poisoned dart.
The poisoned dart hits you!
You are poisoned.
The gnoll barely misses you.
Your foxfire dissipates!
You feel very sick.
The foxfire hits the gnoll.
The gnoll is lightly wounded.
The foxfire hits the gnoll.
The gnoll is severely wounded.
The gnoll throws a poisoned dart.
The poisoned dart hits you!
You are more poisoned.
The gnoll closely misses you.
You feel very sick.
You conjure some foxfire!
You feel very sick.
The gnoll hits you from afar with a +0 halberd!
* * * LOW HITPOINT WARNING * * *
The gnoll hits you from afar with a +0 halberd.
* * * LOW HITPOINT WARNING * * *
Your foxfire dissipates!
* * * LOW HITPOINT WARNING * * *
You feel very sick.
The foxfire hits the gnoll!
The gnoll is almost dead.
The gnoll attacks as it pursues you! The gnoll barely misses you.
You feel better. The gnoll misses you.
The gnoll hits you from afar with a +0 halberd!
You die...

#........... ..####
#.#####.P... .....#
#.#.☼.#..~~~ ## #.##.#
#.#...#..P.P .. #!##.#
#.##'##.P~~~ #.
#.##.####.........P.
#..#.##.#..............
#>.#.#§...>............
#...g§@.#..........<...
......#g#.########.....###
..... #.#.# #.....# ##.#
#.#.# #.....# # ....#
#.....# #.### #.........#
#.# ..........# #.#
#.#.#...#.# #.#
#.#.......#


You could see 2 gnolls.

Vanquished Creatures
  3 hounds
  Terence (D:3)
  An orc wizard (D:3)
  7 gnolls
  2 adders
  A ribbon worm (D:4)
  2 dart slugs (D:1)
  4 orcs (D:3)
  2 endoplasms
  2 giant cockroaches (D:4)
  7 goblins
  7 hobgoblins
  4 jackals
  4 quokkas
  4 ball pythons
  4 bats
  4 frilled lizards
  5 kobolds
  2 rats
66 creatures vanquished.

Vanquished Creatures (others)
  305 foxfires
305 creatures vanquished.

Grand Total: 371 creatures vanquished

Notes
Turn   | Place    | Note
-------+----------+-------------------------------------------
     0 | D:1      | SmokeWeed the Deep Elf Fire Elementalist began the quest
                  | for the Orb.
     0 | D:1      | Reached XP level 1. HP: 10/10 MP: 6/6
   317 | D:1      | Reached XP level 2. HP: 15/15 MP: 1/8
  1255 | D:2      | Reached XP level 3. HP: 19/19 MP: 3/10
  1821 | D:2      | Reached XP level 4. HP: 24/24 MP: 6/12
  2596 | D:3      | Found a burning altar of Makhleb.
  2707 | D:3      | Reached skill level 5 in Spellcasting
  2796 | D:3      | Reached XP level 5. HP: 28/28 MP: 9/14
  2799 | D:3      | Learned a level 2 spell: Scorch
  3029 | D:3      | Noticed Terence
  3041 | D:3      | Killed Terence
  3759 | D:4      | Found a radiant altar of Vehumet.
  3761 | D:4      | Noticed a frost-covered statue
  3931 | D:4      | Reached skill level 5 in Fire Magic
  3931 | D:4      | Reached XP level 6. HP: 32/32 MP: 8/16
  4115 | D:4      | HP: 1/32 [poisoned by a gnoll]
  4116 | D:4      | Slain by a gnoll

Illustrated notes

Levels and vault maps discovered:
D:1:      eino_arrival_cavern_e, layout_basic
D:2:      layout_basic
D:3:      layout_basic, bloody_makhleb, uniq_terence
D:4:      layout_loops_cross, vehumet_statue, dreamdust_gnoll_farm

Skill      XL: |  1  2  3  4  5 |
---------------+----------------+-----
Fire Magic     | 4 5 |  5.0
Spellcasting   | 4 5 |  5.9
Conjurations   | 2 |  2.5
Stealth        | 3 |  3.0
Fighting       | |  0.1
Short Blades   | |  0.4
Dodging        | |  2.9
Evocations     | |  0.8

Action                     |  1- 3 |  4- 6 || total
---------------------------+-------+-------++-------
  Melee: Dagger            |    15 |     5 ||    20
   Cast: Foxfire           |    98 |   102 ||   200
         Scorch            |       |     5 ||     5
  Evoke: Wand              |       |    13 ||    13
    Use: Scroll            |       |     9 ||     9
         Potion            |       |     1 ||     1
   Stab: Sleeping          |       |     1 ||     1
 Armour: Robe              |    25 |    23 ||    48
  Dodge: Dodged            |    38 |    39 ||    77

Table legend: (Time is in decaauts)
 A = Elapsed time spent in this place.
 B = Non-inter-level travel time spent in this place.
 C = Inter-level travel time spent in this place.
 D = Time resting spent in this place.
 E = Time spent auto-exploring this place.
 F = Levels seen in this place.
 G = Mean time per level.
                   A        B        C        D        E       F      G
               +--------+--------+--------+--------+--------+-----+--------+
         Total |   4114 |   3907 |    207 |     42 |   3158 |   4 | 1028.5 |
       Dungeon |   4114 |   3907 |    207 |     42 |   3158 |   4 | 1028.5 |
               +--------+--------+--------+--------+--------+-----+--------+

Top non-repeatable levels by time:
     D:3: 1260 daAuts
     D:1: 1250 daAuts
     D:2: 1072 daAuts
     D:4: 532 daAuts
